 Dungeon Crawl Stone Soup version 0.23-a0-489-g205b0b6 (webtiles) character file.

181 Amnesiac the Sneak (level 5, 0/24 HPs)
             Began as a Spriggan Enchanter on Dec 2, 2018.
             Hit by a tomahawk thrown by an orc (4 damage)
             ... on level 3 of the Dungeon.
             The game lasted 00:02:34 (920 turns).

Amnesiac the Sneak (Spriggan Enchanter)              Turns: 920, Time: 00:02:35

Health: 0/24       AC:  2    Str:  4    XL:     5   Next: 34%
Magic:  1/10       EV: 20    Int: 17    God:
Gold:   76         SH:  0    Dex: 17    Spells: 4/10 levels left

rFire    . . .     SeeInvis +   a - +1 dagger
rCold    . . .     Gourm    .   (shield restricted)
rNeg     . . .     Faith    .   b - +0 robe
rPois    .         Spirit   .   (helmet restricted)
rElec    .         Reflect  .   (no cloak)
rCorr    .         Harm     .   (gloves unavailable)
MR       .....                  (boots unavailable)
Stlth    ++++......             (no amulet)
HPRegen  0.08/turn              (no ring)
MPRegen  0.12/turn              (no ring)

@: very quick
A: very small, unfitting armour, see invisible, herbivore, speed 3, slow
metabolism 2
a: no special abilities


You were on level 3 of the Dungeon.
You were not hungry.

You visited 1 branch of the dungeon, and saw 5 of its levels.

You collected 76 gold pieces.

Inventory:

Hand Weapons
 a - a +1 dagger (weapon)
Armour
 b - a +0 robe (worn)
Jewellery
 e - an uncursed ring of protection from magic {unknown}
Potions
 c - a potion of cancellation {!q, unknown}
 f - 2 potions of curing {!q, unknown}
Comestibles
 d - a ration


   Skills:
 + Level 2.7 Short Blades
 + Level 4.4 Dodging
 * Level 7.1 Stealth
 - Level 3.1 Spellcasting
 - Level 4.0 Hexes


You had 4 spell levels left.
You knew the following spells:

 Your Spells              Type           Power        Failure   Level  Hunger
a - Ensorcelled Hibernat  Hex/Ice        #.....       12%         2    ##.....
b - Corona                Hex            ###....      3%          1    None
e - Confuse               Hex            ###.....     10%         3    ###....

Your spell library contained the following spells:

 Spells                   Type           Power        Failure   Level  Hunger
 Tukima's Dance           Hex            ###.....     10%         3    ###....
 Dazzling Spray           Conj/Hex       #.....       22%         3    ###....


Dungeon Overview and Level Annotations

Branches:
Dungeon (5/15)
 Temple: D:4-7

Altars:


Innate Abilities, Weirdness & Mutations

You are very small and have problems with some larger weapons.
You are too small for most types of armour.
You have supernaturally acute eyesight. (SInv)
You are a herbivore.
You cover ground extremely quickly.
You need to consume almost no food.


Message History

An adder comes into view.
Found a blue potion and a robe.
There is a stone staircase leading down here.
An adder is nearby!
You see here 19 stones.
You hit the adder.
The adder is lightly wounded.
The adder completely misses you.
Casting: Ensorcelled Hibernation (safe; 12% risk of failure)
Confirm with . or Enter, or press ? or * to list all spells.
Aiming: Ensorcelled Hibernation (safe; 12% risk of failure)
Press: ? - help, Shift-Dir - straight line, f - adder
Aim: an adder (lightly wounded, chance to defeat MR: 50%)
The adder resists with some effort.
The adder closely misses you.
You see here 12 stones.
Casting: Ensorcelled Hibernation (safe; 12% risk of failure)
Confirm with . or Enter, or press ? or * to list all spells.
Aiming: Ensorcelled Hibernation (safe; 12% risk of failure)
Press: ? - help, Shift-Dir - straight line, f/p - adder
Aim: an adder (lightly wounded, chance to defeat MR: 50%)
The adder resists with some effort.
The adder bites you.
* * * LOW HITPOINT WARNING * * *
You are poisoned.
The adder poisons you!
You feel sick.
You feel sick.
You feel sick.
The orc shouts! x2
You feel sick.
You feel sick.
A kobold comes into view.
A rat and an orc come into view.
Found 25 stones.
You feel sick.
You are no longer poisoned.
The helpless rat fails to defend itself.
You impale the rat!!
You kill the rat!
The kobold shouts!
Casting: Ensorcelled Hibernation (safe; 12% risk of failure)
Confirm with . or Enter, or press ? or * to list all spells.
Aiming: Ensorcelled Hibernation (safe; 12% risk of failure)
Press: ? - help, Shift-Dir - straight line, f - kobold
Aim: a kobold (chance to defeat MR: 58%)
The kobold looks drowsy...
The orc shouts!
The helpless kobold fails to defend itself.
You impale the kobold!!
You kill the kobold!
The orc throws a tomahawk.
The tomahawk misses you.
You see here a rat corpse.
The orc throws a tomahawk.
The tomahawk hits you.
* * * LOW HITPOINT WARNING * * *
You see here a tomahawk.
The orc throws a tomahawk.
The tomahawk hits you.
* * * LOW HITPOINT WARNING * * *
You see here a tomahawk.
You see here 25 stones.
Casting: Ensorcelled Hibernation (safe; 12% risk of failure)
Confirm with . or Enter, or press ? or * to list all spells.
You don't have enough magic to cast that spell.
The orc throws a tomahawk.
The tomahawk completely misses you.
The orc throws a tomahawk.
The tomahawk hits you.
You die...

... ....###### .
.........###### #.
..........(..# #.
.............# #.
#......(†..# ###.
#....(..$..#######o.S
#(....(.o...o..oo..#.
#...@......#######.o.
..............# #..#.
.##.....###########..##.
....######...>...)..# ##
...# #..........# ...
#..........# .
#..........#
#...o......#
#..........#


You could see an orc.

Vanquished Creatures
  Menkaure (D:5)
  A worker ant (D:5)
  An adder (D:2)
  A leopard gecko (D:3)
  5 orcs
  2 giant cockroaches (D:1)
  A goblin (D:3)
  A hobgoblin (D:2)
  A bat (D:2)
  3 frilled lizards
  4 kobolds
  4 rats
25 creatures vanquished.

Notes
Turn   | Place    | Note
-------+----------+-------------------------------------------
     0 | D:1      | Amnesiac the Spriggan Enchanter began the quest for the
                  | Orb.
     0 | D:1      | Reached XP level 1. HP: 9/9 MP: 5/5
   359 | D:2      | Reached skill level 5 in Stealth
   359 | D:2      | Reached XP level 2. HP: 13/13 MP: 6/6
   363 | D:2      | Learned a level 2 spell: Ensorcelled Hibernation
   516 | D:5      | Entered Level 5 of the Dungeon
   516 | D:5      | Noticed Menkaure
   518 | D:5      | Reached XP level 3. HP: 16/16 MP: 5/8
   547 | D:4      | Learned a level 3 spell: Confuse
   579 | D:5      | Killed Menkaure
   579 | D:5      | Reached skill level 7 in Stealth
   579 | D:5      | Reached XP level 4. HP: 12/21 MP: 5/9
   579 | D:5      | Reached XP level 5. HP: 14/24 MP: 5/10
   920 | D:3      | Hit by a tomahawk thrown by an orc

Vault maps used:
D:1:      dpeg_arrival_lava_altar
D:2:      minmay_pentomino_t4
D:3:      nicolae_ru_awakened_eye, led_sif_book
D:4:      corexii_shack_village, marbit_many_paths, saegor_snake_ambush
D:5:      nemelex_xobeh_ov_fountains_minmay, lightli_temple_of_fire,
          first_ration, uniq_menkaure

Skill      XL: |  1  2  3 |
---------------+----------+-----
Stealth        | 5 7 |  7.1
Spellcasting   | 3 |  3.1
Hexes          | 4 |  4.0
Short Blades   | 2 |  2.7
Dodging        | 4 |  4.4

Action                   |  1- 3 |  4- 6 || total
-------------------------+-------+-------++-------
Melee: Dagger            |    23 |    11 ||    34
 Cast: Corona            |     3 |       ||     3
       Ensorcelled Hiber |     6 |     9 ||    15
       Confuse           |     1 |       ||     1
 Stab: Sleeping          |    14 |     7 ||    21
       Confused          |     2 |       ||     2
Armor: Robe              |     2 |       ||     2
Dodge: Dodged            |     9 |    14 ||    23

Table legend:
 A = Non-vault XP
 B = Vault XP
 C = Vault XP percentage of total XP
 D = Non-vault monster count
 E = Vault monster count
 F = Vault count percentage of total count
                 A         B        C        D         E       F
            +---------+---------+-------+---------+---------+-------
      Total |      87 |     172 |  66.4 |      24 |       1 |   4.0
            +---------+---------+-------+---------+---------+-------
        D:1 |       7 |       0 |   0.0 |       5 |       0 |   0.0
        D:2 |      19 |       0 |   0.0 |       5 |       0 |   0.0
        D:3 |      11 |       0 |   0.0 |       7 |       0 |   0.0
        D:4 |      13 |       0 |   0.0 |       5 |       0 |   0.0
        D:5 |      37 |     172 |  82.3 |       2 |       1 |  33.3
            +---------+---------+-------+---------+---------+-------
